 Dungeon Crawl Stone Soup version 0.20-a0-390-g4892b34 (webtiles) character file.

17724 varedna the Protected (level 12, -4/94 HPs)
             Began as a Demonspawn Fighter on Dec 31, 2016.
             Was an Elder of Hepliaklqana.
             Slain by a sixfirhy (10 damage)
             ... summoned by an orc high priest
             ... on level 1 of the Orcish Mines.
             The game lasted 01:05:31 (10443 turns).

varedna the Protected (Demonspawn Fighter)         Turns: 10443, Time: 01:05:36

Health: -4/94      AC: 25    Str: 28    XL:     12   Next: 21%
Magic:  14/14      EV:  7    Int: 14    God:    Hepliaklqana [****..]
Gold:   661        SH: 12    Dex: 12    Spells: 11/11 levels left

rFire  . . .     SeeInvis .     a - +1 trident
rCold  + . .     Gourm    .     h - +0 plate armour
rNeg   . . .     Faith    .     B - +1 shield of the Crushed Lives {rC+ Int+3 Stlth+}
rPois  .         Spirit   .     v - +0 helmet
rElec  .         Reflect  .     A - +2 cloak
rCorr  .         Harm     .     z - +2 pair of gloves
MR     .....                    (boots unavailable)
Stlth  ..........               (no amulet)
                                (no ring)
                                E - +2 ring of protection

@: mighty
A: reduced essence, talons 3, camouflage 1, blurry vision 1, low mp 1, sense
surroundings 1, powered by death 2, powered by pain 2, regeneration 1, robust 1,
strong 1, subdued magic 1, sturdy frame 1
a: Recall Ancestor, Ancestor Identity, Transference, Idealise, Renounce Religion


You were on level 1 of the Orcish Mines.
You worshipped Hepliaklqana.
Hepliaklqana was greatly pleased with you.
You were not hungry.

You visited 3 branches of the dungeon, and saw 14 of its levels.

You collected 864 gold pieces.
You spent 203 gold pieces at shops.

Inventory:

Hand Weapons
 a - a +1 trident (weapon)
Missiles
 d - 3 throwing nets (quivered)
Armour
 h - a +0 plate armour (worn)
 v - a +0 helmet (worn)
 z - a +2 pair of gloves (worn)
 A - a +2 cloak (worn)
 B - the +1 shield of the Crushed Lives (worn) {rC+ Int+3 Stlth+}
   (You found it on level 6 of the Dungeon)

   It affects your intelligence (+3).
   It protects you from cold.
   It makes you more stealthy.
Rods
 s - a +1 rod of shadows (9/9)
   (You found it on level 10 of the Dungeon)
Jewellery
 E - a +2 ring of protection (left hand)
 G - an uncursed ring of ice
Wands
 c - a wand of confusion (28/48)
 m - a wand of flame (24/48)
 n - a wand of acid (7/15)
 o - a wand of paralysis (13/24)
 r - a wand of iceblast (4/15)
 y - a wand of lightning (4/15)
 F - a wand of paralysis (11/24)
Scrolls
 e - 3 scrolls of teleportation
 g - 3 scrolls of enchant weapon
 i - 2 scrolls of recharging
 j - 2 scrolls of blinking
 k - 6 scrolls of remove curse
Potions
 b - 2 potions of might
 q - 3 potions of heal wounds
 w - 4 potions of curing
 x - a potion of flight {unknown}
 C - a potion of resistance {unknown}
Comestibles
 f - 4 bread rations
 l - 7 meat rations
 p - 5 beef jerkies
 t - 2 slices of pizza
 D - 4 royal jellies


   Skills:
 + Level 8.6 Fighting
 * Level 11.1 Polearms
 * Level 11.2 Armour
 + Level 6.5 Shields
 - Level 6.0 Invocations


You had 11 spell levels left.
You didn't know any spells.

Dungeon Overview and Level Annotations

Branches:
Dungeon (12/15)            Temple (1/1) D:4            Lair (0/6) D:11
    Orc (1/2) D:11

Altars:
Elyvilon
Fedhas
Hepliaklqana
Kikubaaqudgha
Makhleb
Okawaru
Ru
Sif Muna
Uskayaw
Vehumet
Xom
Zin

Shops:
D:4 ![[   D:5 *   D:11 [

Portals:
Trove: D:11 (give +5 demon whip)


Innate Abilities, Weirdness & Mutations

You have claws for feet.
You regenerate health from kills.
You sometimes gain power by taking damage.
Your movements are slightly less encumbered by armour. (ER -2)
Your life essence is reduced. (-10% HP)
Your skin changes colour to match your surroundings (Stealth+).
Scrolls take you a little longer to read.
Your magical capacity is low. (-10% MP)
You passively map a small area around you.
Your natural rate of healing is unusually fast.
You are robust. (+10% HP)
Your muscles are strong. (Str +2)
Your spells are a little easier to cast, but a little less powerful.


Message History

The sixfirhy barely misses you.
Attack whom?
Press: ? - help, Dir - move target cursor, f/p - sixfirhy
Aim: a sixfirhy (heavily wounded, summoned)
You puncture the sixfirhy! Your kick misses the sixfirhy.
The sixfirhy is almost dead.
The sixfirhy hits you but does no damage.
The sixfirhy hits you!
* * * LOW HITPOINT WARNING * * *
The sixfirhy shocks you!
* * * LOW HITPOINT WARNING * * *
You block the sixfirhy's attack.
Ramose closely misses the sixfirhy.
The orc warrior barely misses you. The sixfirhy hits you.
* * * LOW HITPOINT WARNING * * *
The sixfirhy shocks you!
* * * LOW HITPOINT WARNING * * *
The sixfirhy hits you but does no damage.
The sixfirhy hits you!
You die...

.....#...#..... .....
##...##.#......###*#.....
#..###.##.......##.$.. ,
#####.....###.......>, *
##.....#.......#*, ,
##....####...)..# *
*#.......##...R.o# , ,
#.........#...3#......,
##.#.#.....>.@## o....
###.#.......##, ....
..........# * ,...*
##.###....## * ,.. ###
#.....# *, . ##.#.## ,
##### *


You could see the friendly Ramose the hexer, a sixfirhy and an orc warrior.

Vanquished Creatures
  A hydra (D:12)
  4 two-headed ogres
  The ghost of goolancer the Slasher, a novice DsGl of Qazlal (D:6)
  An ugly thing (D:11)
  A manticore (D:11)
  A centaur skeleton (D:11)
  6 trolls
  2 hippogriffs
  A shadow (D:11)
  6 yaks
  Eustachio (D:6)
  The ghost of terra53 the Insei, an amateur OpTm (D:3)
  A water moccasin (D:5)
  A sky beast (D:7)
  2 necrophages
  4 ice beasts
  2 ogres
  5 phantoms
  3 wolves (D:9)
  13 orc warriors
  A centaur (D:8)
  2 big kobolds
  4 bullfrogs
  A gnoll sergeant (D:11)
  2 wyvern zombies
  A wyvern skeleton (D:11)
  A water moccasin skeleton (D:7)
  4 killer bees
  5 wights
  6 howler monkeys
  2 crimson imps
  4 hounds
  2 centaur zombies
  A bullfrog skeleton (D:6)
  A gnoll shaman (D:7)
  9 orc priests
  2 iguanas
  11 orc wizards
  8 worker ants
  A hound zombie (D:11)
  3 hound skeletons
  A worker ant zombie (D:11)
  2 howler monkey skeletons (D:10)
  9 adders
  16 gnolls
  3 shadow imps
  2 oozes
  4 worms
  A dart slug (D:2)
  4 leopard geckos
  45 orcs
  2 giant cockroaches
  6 hobgoblins
  32 jackals
  13 kobolds
  A quokka (D:3)
  9 bats
  6 frilled lizards
  12 goblins
  A jackal skeleton (D:6)
  A leopard gecko skeleton (D:8)
  A quokka skeleton (D:6)
  5 rats
304 creatures vanquished.

Vanquished Creatures (collateral kills)
  Fannar (Orc:1)
  Erolcha (D:9)
  An unseen horror (D:11)
  A merfolk (D:11)
  A hippogriff (D:9)
  A spriggan (D:11)
  A wyvern (D:10)
  Grum (D:9)
  An orc warrior (D:8)
  2 sky beasts (D:9)
  3 ogres
  2 centaurs
  Blork the orc (D:6)
  2 killer bees (D:9)
  3 wights (D:6)
  A howler monkey (D:9)
  4 crimson imps
  A quasit (D:10)
  An orc priest (D:7)
  A gnoll shaman (D:4)
  2 jellies
  A bullfrog skeleton (D:8)
  2 iguanas
  2 orc wizards
  A worker ant (D:4)
  4 gnolls
  4 adders
  A shadow imp (D:5)
  A leopard gecko (D:10)
  17 orcs
  4 jackals
  6 kobolds
75 creatures vanquished.

Vanquished Creatures (others)
  11 hexers
  An ancestor (D:6)
12 creatures vanquished.

Grand Total: 391 creatures vanquished

Notes
Turn   | Place    | Note
-------+----------+-------------------------------------------
     0 | D:1      | varedna the Demonspawn Fighter began the quest for the Orb.
     0 | D:1      | Reached XP level 1. HP: 18/18 MP: 1/1
    11 | D:1      | Noticed a minotaur skeleton
   237 | D:1      | Gained mutation: You sometimes gain a little power by taking damage. [demonic ancestry]
   237 | D:1      | Reached XP level 2. HP: 23/24 MP: 2/2
   610 | D:2      | Gained mutation: You sometimes gain power by taking damage. [demonic ancestry]
   610 | D:2      | Reached XP level 3. HP: 24/29 MP: 3/3
  1023 | D:2      | Found a blossoming altar of Fedhas.
  1024 | D:2      | Found a sacrificial altar of Ru.
  1034 | D:2      | Found an ancient bone altar of Kikubaaqudgha.
  1138 | D:2      | Gained mutation: Your movements are slightly less encumbered by armour. (ER -2) [demonic ancestry]
  1138 | D:2      | Reached XP level 4. HP: 32/35 MP: 4/4
  1395 | D:3      | Noticed terra53's ghost (amateur OpTm)
  1435 | D:3      | Killed terra53's ghost
  1435 | D:3      | Gained mutation: You have sharp toenails. [demonic ancestry]
  1435 | D:3      | Reached XP level 5. HP: 16/41 MP: 5/5
  1725 | D:3      | Gained mutation: You regenerate a little health from kills. [demonic ancestry]
  1725 | D:3      | Reached XP level 6. HP: 31/47 MP: 6/6
  2255 | D:3      | Found an iron altar of Okawaru.
  2417 | D:4      | Found Tuefyl's Antique Armour Shop.
  2455 | D:4      | Found Jaistrix's Armour Shop.
  2568 | D:4      | Found a staircase to the Ecumenical Temple.
  2577 | Temple   | Entered the Ecumenical Temple
  2588 | Temple   | Became a worshipper of Hepliaklqana the Forgotten
  2841 | D:4      | Reached skill level 5 in Polearms
  2974 | D:4      | HP: 2/42 [orc priest/divine providence (14)]
  2978 | D:4      | Reached XP level 7. HP: 8/46 MP: 7/7
  2982 | D:4      | Reached skill level 5 in Armour
  3096 | D:4      | Reached * piety under Hepliaklqana
  3130 | D:4      | Found Siloxtop's Distillery.
  3139 | D:4      | Reached skill level 1 in Invocations
  3147 | D:4      | Bought a potion of mutation for 35 gold pieces
  3147 | D:4      | Bought a potion of degeneration for 14 gold pieces
  3147 | D:4      | Bought a potion of heal wounds for 70 gold pieces
  3147 | D:4      | Bought 2 potions of curing for 84 gold pieces
  3148 | D:4      | Gained mutation: Scrolls take you a little longer to read. [potion of mutation]
  3148 | D:4      | Gained mutation: Your natural rate of healing is unusually fast. [potion of mutation]
  3493 | D:5      | Entered Level 5 of the Dungeon
  3899 | D:5      | Found Vaocuc's Assorted Antiques.
  4056 | D:6      | Found Yrutah's Book Shop.
  4117 | D:6      | Noticed Blork the orc
  4133 | D:6      | Killed Blork the orc
  4133 | D:6      | Reached XP level 8. HP: 51/54 MP: 9/9
  4349 | D:6      | Noticed goolancer's ghost (novice DsGl)
  4395 | D:6      | Killed goolancer's ghost
  4395 | D:6      | Reached skill level 5 in Fighting
  4507 | D:6      | Got a fine shield
  4529 | D:6      | Identified the +1 shield of the Crushed Lives {rC+ Int+3 Stlth+} (You found it on level 6 of the Dungeon)
  4613 | D:6      | Noticed Eustachio
  4689 | D:6      | Killed Eustachio
  4708 | D:6      | Gained mutation: You regenerate health from kills. [demonic ancestry]
  4708 | D:6      | Reached XP level 9. HP: 61/61 MP: 12/12
  4981 | D:7      | Reached skill level 5 in Invocations
  5011 | D:7      | Reached ** piety under Hepliaklqana
  5012 | D:7      | Remembered your ancestor Ramose as a hexer
  5623 | D:7      | Gained mutation: Your skin changes colour to match your surroundings (Stealth+). [mutagenic meat]
  5939 | D:8      | Noticed a troll
  5955 | D:8      | Killed a troll
  6044 | D:8      | Gained mutation: You have razor-sharp toenails. [demonic ancestry]
  6044 | D:8      | Reached XP level 10. HP: 68/68 MP: 14/14
  6376 | D:8      | Noticed a two-headed ogre
  6392 | D:8      | Killed a two-headed ogre
  6686 | D:8      | Found a hide-covered altar of Uskayaw.
  6840 | D:9      | Noticed a two-headed ogre
  6848 | D:9      | Killed a two-headed ogre
  6899 | D:9      | Reached *** piety under Hepliaklqana
  7284 | D:9      | Noticed Erolcha
  7301 | D:9      | Killed Erolcha
  7301 | D:9      | Reached XP level 11. HP: 68/75 MP: 15/15
  7323 | D:9      | Gained mutation: Your spells are a little easier to cast, but a little less powerful. [mutagenic meat]
  7361 | D:9      | Noticed Grum
  7368 | D:9      | Reached skill level 5 in Shields
  7378 | D:9      | Killed Grum
  7781 | D:9      | Reached skill level 10 in Armour
  7854 | D:9      | Gained mutation: Your magical capacity is low. (-10% MP) [mutagenic meat]
  7856 | D:9      | Gained mutation: Your mind is acute. (Int +2) [mutagenic meat]
  7858 | D:9      | Gained mutation: You passively map a small area around you. [mutagenic meat]
  7909 | D:10     | Entered Level 10 of the Dungeon
  8282 | D:10     | You fall through a shaft for 2 floors!
  8348 | D:12     | Noticed a four-headed hydra
  8364 | D:12     | Killed a four-headed hydra
  8364 | D:12     | Reached skill level 10 in Polearms
  8411 | D:11     | Killed an unseen horror
  8525 | D:11     | Found a portal to a secret trove of treasure.
  8596 | D:11     | Found Uptiuw's Antique Armour Shoppe.
  8773 | D:10     | Reached **** piety under Hepliaklqana
  8831 | D:10     | Noticed a two-headed ogre
  8843 | D:10     | Killed a two-headed ogre
  8923 | D:11     | Found a white marble altar of Elyvilon.
  9119 | D:11     | Lost mutation: Your mind is acute. (Int +2) [potion of mutation]
  9119 | D:11     | Gained mutation: Your muscles are strong. (Str +2) [potion of mutation]
  9119 | D:11     | Gained mutation: You are robust. (+10% HP) [potion of mutation]
  9135 | D:11     | Noticed a green ugly thing
  9152 | D:11     | Killed a green ugly thing
  9198 | D:11     | Found a staircase to the Lair.
  9843 | D:11     | Found a staircase to the Orcish Mines.
  9882 | Orc:1    | Entered Level 1 of the Orcish Mines
  9892 | D:11     | Gained mutation: You have claws for feet. [demonic ancestry]
  9892 | D:11     | Reached XP level 12. HP: 94/94 MP: 14/14
  9999 | Orc:1    | Noticed Fannar
 10027 | Orc:1    | Killed Fannar
 10168 | Orc:1    | Noticed a two-headed ogre
 10200 | Orc:1    | Killed a two-headed ogre
 10423 | Orc:1    | Noticed an orc high priest
 10443 | Orc:1    | Slain by a sixfirhy

Vault maps used:
D:1:      shiori_arrival_whats_in_store_for_you
D:2:      grunt_temple_overflow_open
D:3:      lemuel_coloured_pillars_altar
D:4:      serial_shops, shop, shop, shop
D:5:      cheibrodos_quashed, first_bread, serial_shops,
          nicolae_shop_behind_doors
D:6:      kennysheep_spiral_hall, serial_shops, shop, uniq_eustachio,
          uniq_blork_the_orc
D:8:      lemuel_round_altar
D:9:      uniq_grum, uniq_erolcha
D:11:     lair_entry_dummy, david_orc_4, serial_shops, shop,
          nicolae_trove_entry_crystal, hangedman_stone_soup, elyvilon_altar_1
Temple:   compressed_dpeg_circular_temple
Orc:1:    uniq_fannar

Skill      XL: |  1  2  3  4  5  6  7  8  9 10 11 12 |
---------------+-------------------------------------+-----
Polearms       | 2 3 4 5 7 8 9 10 11 | 11.1
Armour         | 3 4 5 7 8 9 11 | 11.2
Invocations    | 2 4 6 |  6.0
Fighting       | 4 5 6 7 8 |  8.6
Shields        | 3 4 6 |  6.5

Action                   |  1- 3 |  4- 6 |  7- 9 | 10-12 || total
-------------------------+-------+-------+-------+-------++-------
Melee: Trident           |   230 |   311 |   544 |   842 ||  1927
       Kick              |       |    68 |   125 |   227 ||   420
Throw: Throwing net      |       |       |     1 |       ||     1
Invok: Recall Ancestor   |       |       |     1 |     1 ||     2
       Ancestor Life: He |       |       |     1 |       ||     1
       Idealise          |       |       |       |     1 ||     1
Evoke: Wand              |       |       |       |     1 ||     1
  Use: Potion            |       |     3 |     3 |     4 ||    10
       Scroll            |       |     1 |    11 |     3 ||    15
 Stab: Distracted        |       |     1 |    10 |     4 ||    15
       Confused          |       |       |     2 |     8 ||    10
  Eat: Chunk             |     1 |     7 |    13 |    21 ||    42
       Fruit             |       |       |       |     1 ||     1
Armor: Scale mail        |    21 |       |       |       ||    21
       Plate armour      |   135 |   181 |   282 |   481 ||  1079
Dodge: Dodged            |    21 |    44 |    81 |   158 ||   304
Block: Shield            |   127 |   137 |   216 |   423 ||   903
